 Dungeon Crawl Stone Soup version 0.23.0-3-gf3c87f2 (webtiles) character file.

Game seed: 9438348924701446833

135 ohad the Changer (level 5, 0/33 HPs)
             Began as an Octopode Transmuter on Feb 22, 2019.
             Slain by an orc priest
             ... wielding a +0 dagger
              (3 damage)
             ... on level 3 of the Dungeon.
             The game lasted 00:04:25 (2329 turns).

ohad the Changer (Octopode Transmuter)              Turns: 2329, Time: 00:04:26

Health: 0/33       AC:  1    Str: 14    XL:     5   Next: 18%
Magic:  2/8        EV: 13    Int: 16    God:
Gold:   83         SH:  0    Dex: 13    Spells: 2/8 levels left

rFire    . . .     SeeInvis .     - Unarmed
rCold    . . .     Gourm    .   (no shield)
rNeg     . . .     Faith    .   (helmet restricted)
rPois    .         Spirit   .   (no amulet)
rElec    .         Reflect  .   (no ring)
rCorr    .         Harm     .   (no ring)
MR       .....                  (no ring)
Stlth    ++........             (no ring)
HPRegen  0.11/turn              (no ring)
MPRegen  0.11/turn              (no ring)
                                (no ring)
                                (no ring)

@: mighty, flying, very slightly contaminated
A: almost no armour, stealthy swim, amphibious, 8 rings, constrict 8, camouflage
1, gelatinous body 1
a: no special abilities


You were on level 3 of the Dungeon.
You were hungry.

You visited 1 branch of the dungeon, and saw 3 of its levels.

You collected 83 gold pieces.

Inventory:

Missiles
 a - 32 arrows
 d - 7 javelins of penetration (quivered)
Scrolls
 b - a scroll of teleportation
 e - a scroll of random uselessness {unknown}
Potions
 i - a potion of curing {unknown}
 j - 4 potions of degeneration
 l - a potion of resistance
 m - a potion of invisibility
Comestibles
 c - 9 rations


   Skills:
 - Level 1.0 Fighting
 - Level 2.0 Dodging
 - Level 3.0 Unarmed Combat
 - Level 2.0 Spellcasting
 + Level 5.2 Transmutations


You had 2 spell levels left.
You knew the following spells:

 Your Spells              Type           Power        Failure   Level  Hunger
a - Beastly Appendage     Tmut           ###...       2%          1    #......
b - Sticks to Snakes      Tmut           ###.....     3%          2    ###....
c - Spider Form           Tmut/Pois      #.........   22%         3    ###....

Your spell library contained the following spells:

 Spells                   Type           Power        Failure   Level  Hunger
 Ice Form                 Ice/Tmut       #.......     56%         4    #####..
 Blade Hands              Tmut           ###.......   56%         5    ######.


Dungeon Overview and Level Annotations

Branches:
Dungeon (3/15)

Altars:
Sif Muna
Trog
Yredelemnul

Annotations:
D:3 1 transporter


Innate Abilities, Weirdness & Mutations

You cannot wear most types of armour.
You are very stealthy in the water. (Stealth+)
You are amphibious.
You can wear up to eight rings at the same time.
You can use your tentacles to constrict eight enemies at once.
Your skin changes colour to match your surroundings (Stealth+).
Your rubbery body absorbs attacks. (AC +1, EV +1)


Message History

You feel very buoyant.
You fly up into the air.
It was a potion of might.
You feel very mighty all of a sudden. The orc priest closely misses you.
Casting: Spider Form (safe; 22% risk of failure)
Confirm with . or Enter, or press ? or * to list all spells.
You don't have enough magic to cast that spell.
Unknown command.
Casting: Spider Form (safe; 22% risk of failure)
Confirm with . or Enter, or press ? or * to list all spells.
You don't have enough magic to cast that spell.
You bludgeon the orc priest! Your grab misses the orc priest.
The orc priest is heavily wounded.
The orc priest misses you.
You barely miss the orc priest. You grab the orc priest.
The orc priest is heavily wounded.
You constrict the orc priest.
The orc priest hits you with a +0 dagger.
You die...

## #.. .. #.#
.# #.# .[ #.#
####.# #.#
#....# #.#
#.##.# #o# #.#
.. #@# ##)## ##
#.###...#####.#
#$............#
#####...#######
##.## #.# #.#
#.# #.#


You could see an orc priest.

Vanquished Creatures
  An orc wizard (D:3)
  Jessica (D:3)
  An adder (D:3)
  2 worms (D:2)
  2 leopard geckos (D:1)
  3 orcs (D:3)
  6 bats
  A giant cockroach (D:1)
  2 gnoll zombies (D:2)
  6 goblins
  5 hobgoblins
  A quokka (D:2)
  3 ball pythons
  8 frilled lizards
  12 kobolds
  7 rats
61 creatures vanquished.

Vanquished Creatures (others)
  2 plants (D:3)
2 creatures vanquished.

Grand Total: 63 creatures vanquished

Notes
Turn   | Place    | Note
-------+----------+-------------------------------------------
     0 | D:1      | ohad the Octopode Transmuter began the quest for the Orb.
     0 | D:1      | Reached XP level 1. HP: 13/13 MP: 3/3
   286 | D:1      | Reached XP level 2. HP: 17/18 MP: 5/5
   514 | D:1      | Reached skill level 3 in Transmutations
   894 | D:2      | Reached XP level 3. HP: 22/23 MP: 4/6
   984 | D:2      | Found a deep blue altar of Sif Muna.
  1141 | D:2      | Found a basalt altar of Yredelemnul.
  1191 | D:2      | Found a bloodstained altar of Trog.
  1203 | D:2      | Learned a level 2 spell: Sticks to Snakes
  1207 | D:2      | Learned a level 3 spell: Spider Form
  1414 | D:2      | Reached skill level 4 in Transmutations
  1865 | D:3      | Reached XP level 4. HP: 28/28 MP: 5/7
  1907 | D:3      | Noticed Jessica
  1911 | D:3      | Killed Jessica
  2206 | D:3      | Found a transporter.
  2325 | D:3      | Reached skill level 5 in Transmutations
  2325 | D:3      | Reached XP level 5. HP: 2/33 MP: 2/8
  2329 | D:3      | Slain by an orc priest

Skill      XL: |  1  2  3  4 |
---------------+-------------+-----
Transmutations | 3 4 5 |  5.2
Fighting       | |  1.0
Dodging        | |  2.0
Unarmed Combat | |  3.0
Spellcasting   | |  2.0

Action                   |  1- 3 |  4- 6 || total
-------------------------+-------+-------++-------
Melee: Unarmed           |   100 |    37 ||   137
       Constrict         |    26 |     7 ||    33
       Tentacles         |    12 |     3 ||    15
       Kick              |    23 |       ||    23
       Punch             |     4 |       ||     4
 Cast: Beastly Appendage |    24 |       ||    24
       Spider Form       |       |     5 ||     5
  Use: Scroll            |       |     6 ||     6
       Potion            |       |     2 ||     2
 Stab: Sleeping          |     7 |     1 ||     8
  Eat: Chunk             |     3 |     2 ||     5
Armor: Skin              |     6 |     2 ||     8
Dodge: Dodged            |    66 |    25 ||    91
